 Dungeon Crawl Stone Soup version 0.24-a0-57-gac335f2 (webtiles) character file.

Game seed: 7513897693544315129

408 galech the Chopper (level 6, -3/48 HPs)
             Began as a Demonspawn Fighter on Feb 4, 2019.
             Slain by a scorpion (4 damage)
             ... on level 4 of the Dungeon.
             The game lasted 00:03:23 (4345 turns).

galech the Chopper (Demonspawn Fighter)             Turns: 4345, Time: 00:03:23

Health: -3/48      AC:  8    Str: 17    XL:     6   Next: 57%
Magic:  0/6        EV:  7    Int:  9    God:
Gold:   184        SH:  9    Dex: 14    Spells: 5/5 levels left

rFire    . . .     SeeInvis .   a - +0 war axe
rCold    + . .     Gourm    .   c - +0 shield
rNeg     . . .     Faith    .   b - +0 scale mail
rPois    .         Spirit   +   m - +0 helmet
rElec    .         Reflect  .   (no cloak)
rCorr    .         Harm     .   (no gloves)
MR       .....                  (no boots)
Stlth    ..........             n - amulet of guardian spirit
HPRegen  0.16/turn              (no ring)
MPRegen  0.10/turn              (no ring)

@: lightly drained
A: cold resistance 1, mutation resistance 1, freezing cloud immunity
a: no special abilities


You were on level 4 of the Dungeon.
You were not hungry.

You visited 1 branch of the dungeon, and saw 4 of its levels.

You collected 184 gold pieces.

Inventory:

Hand Weapons
 a - a +0 war axe (weapon)
Armour
 b - a +0 scale mail (worn)
 c - a +0 shield (worn)
 m - a +0 helmet (worn)
Jewellery
 n - an amulet of guardian spirit (around neck)
 q - a +5 ring of strength {unknown}
Wands
 k - a wand of polymorph (5)
Scrolls
 g - 3 scrolls of random uselessness {unknown}
 h - 4 scrolls of identify {unknown}
 j - 2 scrolls of enchant weapon {unknown}
 p - a scroll of blinking {unknown}
 r - 2 scrolls of teleportation {unknown}
 s - a scroll of remove curse {unknown}
Potions
 d - a potion of might
 i - 2 potions of mutation
 l - a potion of invisibility {unknown}
 o - a potion of degeneration {unknown}
Comestibles
 f - 6 rations


   Skills:
 + Level 4.0(3.8) Fighting
 + Level 4.2(4.1) Axes
 + Level 3.7(3.6) Armour
 + Level 1.2(1.1) Dodging
 + Level 0.4(0.3) Stealth
 + Level 3.8(3.7) Shields


You had 5 spell levels left.
You didn't know any spells.
Your spell library was empty.

Dungeon Overview and Level Annotations

Branches:
Dungeon (4/15)
 Temple: D:4-7

Altars:
Dithmenos
Nemelex Xobeh
Qazlal

Annotations:
D:4 Edmund


Innate Abilities, Weirdness & Mutations

Your flesh is cold resistant. (rC+)
You are immune to freezing clouds.
You are somewhat resistant to further mutation.


Message History

The orc priest looks braver for a moment.
You feel better.
The orc wizard gestures wildly while chanting.
The orc wizard blinks!
The adder skeleton bites you but does no damage.
The adder skeleton bites you.
Things that are here:
a +0 hand axe; a +0 leather armour; an orc corpse You see here a tomahawk.
You see here 2 tomahawks.
Edmund the Younger comes into view.
He is wielding a +2 dire flail of crushing.
Edmund shouts!
You block the adder skeleton's attack.
The adder skeleton bites you but does no damage.
The orc hits you with a +2 hand axe of electrocution!
* * * LOW HITPOINT WARNING * * *
You are electrocuted!
* * * LOW HITPOINT WARNING * * *
The scorpion stings you.
You die...

.# ##.....# #(##.....#.# ##
#.....# #o##.....#.# #.....#
#........#.# ## #.....#
#.o......#.# .# #.....#
#.o.....##.## .####.#####
#...........######## ..........#
#................... ..........#
#....s......######### ..........#
#...@Zo.@...'.))).... ..........#
#...........######### ..........#
#.#..............# .######..##
#.#.........####.# .# ##.#
#.#.........####'#### .# #.#
#.#..................
.#######.####.#..................
.##.........#.#..................
.##.........#.#########..........


You could see Edmund, a scorpion, an orc priest, an orc wizard, 2 orcs and an
adder skeleton.

Vanquished Creatures
  A scorpion (D:4)
  A jelly (D:3)
  An orc priest (D:4)
  2 orc wizards (D:4)
  2 worker ants (D:4)
  Robin (D:2)
  4 gnolls (D:4)
  5 adders
  2 oozes (D:1)
  4 worms
  3 dart slugs
  2 leopard geckos
  12 orcs
  5 giant cockroaches
  11 goblins
  6 hobgoblins (D:2)
  2 jackals (D:1)
  A ball python (D:3)
  7 bats
  A frilled lizard (D:2)
  A kobold (D:3)
  7 rats
81 creatures vanquished.

Notes
Turn   | Place    | Note
-------+----------+-------------------------------------------
     0 | D:1      | galech the Demonspawn Fighter began the quest for the Orb.
     0 | D:1      | Reached XP level 1. HP: 18/18 MP: 1/1
   156 | D:1      | Gained mutation: Your flesh is cold resistant. (rC+)
                  | [demonic ancestry]
   156 | D:1      | Reached XP level 2. HP: 18/24 MP: 2/2
   755 | D:2      | Found a stormy altar of Qazlal.
   785 | D:2      | Reached XP level 3. HP: 10/29 MP: 3/3
  1167 | D:2      | Found a shadowy altar of Dithmenos.
  1226 | D:2      | Noticed Robin
  1240 | D:2      | Killed Robin
  1240 | D:2      | Reached XP level 4. HP: 10/35 MP: 4/4
  2102 | D:3      | Found a sparkling altar of Nemelex Xobeh.
  2282 | D:3      | Gained mutation: You are immune to freezing clouds.
                  | [demonic ancestry]
  2282 | D:3      | Reached XP level 5. HP: 25/42 MP: 3/5
  3467 | D:4      | Reached XP level 6. HP: 48/48 MP: 6/6
  4060 | D:4      | Reached skill level 1 in Dodging
  4326 | D:4      | Gained mutation: You are somewhat resistant to further
                  | mutation. [potion of mutation]
  4340 | D:4      | Noticed Edmund
  4344 | D:4      | HP: 1/48 [orc/+2 hand axe of electrocution (11)]
  4345 | D:4      | Slain by a scorpion

Vault maps used:
D:1:      dpeg_arrival_erosion
D:2:      nicolae_dithmenos_through_a_glass_darkly, amethyst_killhole,
          minmay_stone_trees_small, grunt_qazlal_sundering, uniq_robin
D:3:      lemuel_doored_altar
D:4:      first_ration, uniq_edmund, uniq_crazy_yiuf_cottage

Skill      XL: |  1  2  3  4  5  6 |
---------------+-------------------+-----
Armour         | 3 |  3.7
Axes           | 2 3 4 |  4.2
Shields        | 3 |  3.8
Fighting       | 4 |  4.0
Dodging        | 1 |  1.2
Stealth        | |  0.4

Action                   |  1- 3 |  4- 6 || total
-------------------------+-------+-------++-------
Melee: War axe           |    92 |   199 ||   291
  Use: Potion            |       |     3 ||     3
  Eat: Chunk             |     1 |    10 ||    11
Armor: Scale mail        |    48 |   100 ||   148
Dodge: Dodged            |    35 |    60 ||    95
Block: Shield            |    49 |    95 ||   144

Table legend:
 A = Non-vault XP
 B = Vault XP
 C = Vault XP percentage of total XP
 D = Non-vault monster count
 E = Vault monster count
 F = Vault count percentage of total count
                 A         B        C        D         E       F
            +---------+---------+-------+---------+---------+-------
      Total |     554 |      29 |   5.0 |      73 |       8 |   9.9
            +---------+---------+-------+---------+---------+-------
        D:1 |      29 |       0 |   0.0 |      12 |       0 |   0.0
        D:2 |      74 |      29 |  28.2 |      22 |       8 |  26.7
        D:3 |     107 |       0 |   0.0 |      19 |       0 |   0.0
        D:4 |     344 |       0 |   0.0 |      20 |       0 |   0.0
            +---------+---------+-------+---------+---------+-------
